Map: Terraform LE (Void)

Players

KaRoLuS

  • Race: Zerg Zerg

Toons - Winner!

  • Race: Protoss Protoss
  • League: Silver

VOD

Have the link to the VOD?

Description

Time

  • Played on: Aug. 1, 2015, 7:45 a.m.
  • Length: 7:11
Show
View Real Time Build Order
Export as new Build Order

KaRoLuS Zerg 

Build Orders: Pool First 

Get SALT Encoding   

  12  0:02  Drone  
  13  0:10  Drone  
  14  0:17  Overlord  
  14  0:36  Spawning Pool  
  14  0:38  Drone  
  14  0:41  Drone  
  15  1:09  Hatchery  
  14  1:20  Extractor  
  14  1:23  Zergling x6  
  16  1:31  Queen  
  18  1:53  Drone x2  
  20  2:05  Drone  
  21  2:12  Overlord  
  21  2:19  Drone  
  21  2:20  Queen  
  24  2:25  Drone  
  25  2:32  Metabolic Boost  
  25  2:53  Drone x7  
  32  3:09  Spine Crawler  
  31  3:14  Spine Crawler  
  31  3:15  Zergling x4  
  29  3:44  Lair  
  29  3:45  Roach Warren  
  29  3:46  Overlord x2  
  28  3:55  Queen  
  26  4:00  Drone x3  
  31  4:05  Extractor  
  30  4:21  Zergling x12  
  36  4:31  Roach  
  36  4:32  Roach x2  
  36  4:34  Roach  
  34  5:01  Roach  
  34  5:02  Roach x5  
  34  5:03  Roach  
  22  5:39  Drone  
  22  5:40  Drone  
  14  6:10  Drone  
  15  6:35  Drone  
Show
View Real Time Build Order
Export as new Build Order

Toons Protoss - Winner!

Build Orders:  

Get SALT Encoding   

  12  0:01  Probe  
  13  0:13  Probe  
  14  0:18  Pylon  
  14  0:36  Probe (Chrono Boost)  
  14  0:38  Gateway  
  15  0:46  Assimilator  
  15  0:48  Probe (Chrono Boost)  
  16  0:54  Probe (Chrono Boost)  
  17  1:06  Probe (Chrono Boost)  
  18  1:17  Pylon  
  18  1:22  Probe (Chrono Boost)  
  19  1:28  Cybernetics Core  
  19  1:29  Zealot  
  21  1:36  Gateway  
  21  1:48  Probe  
  22  2:05  Adept  
  22  2:06  Warp Gate (Chrono Boost)  
  24  2:08  Probe  
  24  2:12  Assimilator  
  25  2:26  Mothership Core  
  25  2:28  Adept  
  25  2:29  Pylon  
  29  2:47  Adept  
  31  2:59  Gateway  
  31  3:09  Probe  
  32  3:16  Pylon  
  32  3:44  Probe  
  33  3:57  Pylon  
  33  3:59  Adept x3  
  39  4:20  Nexus  
  39  4:23  Stalker  
  39  4:24  Stalker x2  
  45  4:37  Probe  
  44  4:38  Pylon  
  44  4:59  Stalker  
  46  5:00  Stalker  
  45  5:35  Probe x2  
  35  5:47  Probe  
  30  5:50  Probe  
  27  5:59  Probe, Robotics Facility  
  27  6:03  Gateway  
  28  6:04  Gateway  
  28  6:05  Pylon  
  28  6:08  Forge  
  28  6:14  Sentry x3  
  34  6:21  Mothership Core (Chrono Boost)  
  36  6:33  Stalker x2  
  36  6:34  Stalker  
  42  6:48  Photon Cannon  
  40  7:00  Stalker x3  
Tags
 
League
Silver
Matchup
PvZ
Opening
Pool First
Replay Pack
nubstuff
Add a new tag
Caveats
  • Supply blocks, unpowered buildings, or Contaminate may cause inaccurate times.
  • Supply counts are checked every 10 seconds.